 Dungeon Crawl Stone Soup version 0.30-a0-757-ga6a79fd877 (webtiles) character file.

Game seed: 17620463632682379890

168 sircluck the Chopper (level 5, 0/46 HPs)
             Began as a Hill Orc Fighter on Feb 9, 2023.
             Slain by a gnoll
             ... wielding a +0 halberd
              (10 damage)
             ... on level 3 of the Dungeon.
             The game lasted 00:04:00 (2006 turns).

sircluck the Chopper (Hill Orc Fighter)             Turns: 2006, Time: 00:04:00

Health: 0/46       AC: 13    Str: 21    XL:     5   Next: 48%
Magic:  5/5        EV:  5    Int:  8    God:
Gold:   127        SH:  4    Dex: 10    Spells: 4/4 levels left

rFire   . . .      SeeInvis .    a - +0 war axe
rCold   . . .      Faith    .    c - +0 buckler
rNeg    . . .      Spirit   .    i - +0 plate armour
rPois   .          Reflect  .    (no helmet)
rElec   .          Harm     .    x - +0 cloak
rCorr   .          Rampage  .    (no gloves)
Will    .....                    (no boots) Stlth
                                 (no amulet)
HPRegen 0.27/turn                (no ring)
MPRegen 0.09/turn                (no ring)

@: hasted, very quick
A: no striking features
a: no special abilities


You were on level 3 of the Dungeon.
You visited 1 branch of the dungeon, and saw 3 of its levels.

You collected 127 gold pieces.

Inventory:

Hand Weapons
 a - a +0 war axe (weapon)
 d - a +0 hand axe
 w - a +4 quarterstaff of chaos
 y - a +0 hammer
Missiles
 C - 5 stones (quivered)
Armour
 b - a +0 scale mail
 c - a +0 buckler (worn)
 f - a +0 chain mail
 i - a +0 plate armour (worn)
 o - a +0 plate armour
 r - a +2 robe of resistance
 x - a +0 cloak (worn)
 z - a +0 pair of gloves
 A - a +0 chain mail
Jewellery
 l - a ring of resist corrosion
 q - a +6 ring of strength
Scrolls
 e - a scroll of enchant armour {unknown}
 g - a scroll of summoning {unknown}
 h - a scroll of torment {unknown}
 m - 2 scrolls of identify {unknown}
 u - a scroll of noise {unknown}
 B - a scroll of amnesia {unknown}
Potions
 j - 3 potions of heal wounds {unknown}
 k - a potion of mutation {unknown}
 n - a potion of lignification {unknown}
 p - 2 potions of flight {unknown}
 s - a potion of brilliance {unknown}
 t - a potion of curing {unknown}
 v - a potion of haste


   Skills:
 + Level 4.1 Fighting
 + Level 4.6 Axes
 + Level 0.6 Throwing
 + Level 4.4 Armour
 + Level 0.1 Dodging
 + Level 4.2 Shields


You had 4 spell levels left.
You didn't know any spells.
Your spell library contained the following spells:

 Spells                   Type           Power      Damage    Failure   Level
 Gell's Gravitas          Tloc           0%         N/A       100%        3
 Teleport Other           Tloc           0%         N/A       100%        3
 Dispersal                Tloc           0%         N/A       100%        6


Dungeon Overview and Level Annotations

Branches:
Dungeon (3/15)

Altars:


Message History

You are too injured to fight recklessly!
You are too injured to fight recklessly!
You closely miss the quokka.
The quokka bites you but does no damage. x2
The gnoll hits you from afar with a +0 halberd.
You miss the quokka. You block the quokka's attack.
The gnoll hits you from afar with a +0 halberd.
The quokka bites you but does no damage.
Things that are here:
a +0 whip; a gnoll corpse The quokka attacks as you move away!
The quokka bites you. The quokka barely misses you.
You hit the quokka.
The quokka is heavily wounded.
The quokka bites you. The quokka barely misses you.
The gnoll hits you but does no damage.
The quokka bites you but does no damage.
The quokka attacks as you move away!
The quokka bites you but does no damage.
The quokka attacks as you move away! The quokka closely misses you.
The quokka bites you but does no damage.
The quokka attacks as you move away!
The quokka bites you but does no damage.
You closely miss the quokka.
The quokka is heavily wounded.
The quokka bites you but does no damage.
The gnoll hits you from afar with a +0 halberd.
You closely miss the quokka.
The quokka is heavily wounded.
The quokka bites you. The gnoll barely misses you. The quokka bites you.
You feel yourself speed up. The quokka barely misses you.
The gnoll hits you from afar with a +0 halberd.
* * * LOW HITPOINT WARNING * * *
You are too injured to fight recklessly!
You hit the quokka.
You kill the quokka!
The gnoll hits you from afar with a +0 halberd.
* * * LOW HITPOINT WARNING * * *
The gnoll hits you with a +0 halberd!
You die...

#.......###
#.######
#.<.8.....##
#.#.....
#.......#))#
#.......
##8.>.8###.#
###.#### ##...#
#.######.# # ####
#........# # #.#
#.######## ##
#.#####.##########.
#.@g.......<.......
##################.
##... ###....
#...... #.#...#
#.##.## #.##.#
#.##.#


You could see a gnoll.

Vanquished Creatures
  Crazy Yiuf (D:2)
  Terence (D:3)
  2 gnolls (D:3)
  6 adders
  A dart slug (D:2)
  An orc (D:3)
  5 endoplasms
  3 goblins
  7 hobgoblins
  2 kobolds (D:1)
  4 quokkas
  2 ball pythons
  3 bats
  3 frilled lizards
  3 rats (D:1)
44 creatures vanquished.

Notes
Turn   | Place    | Note
-------+----------+-------------------------------------------
     0 | D:1      | sircluck the Hill Orc Fighter began the quest for the Orb.
     0 | D:1      | Reached XP level 1. HP: 19/19 MP: 1/1
   138 | D:1      | Reached XP level 2. HP: 27/27 MP: 2/2
   628 | D:2      | Reached XP level 3. HP: 32/33 MP: 3/3
  1178 | D:2      | Found a runed translucent door.
  1179 | D:2      | Noticed Crazy Yiuf
  1324 | D:2      | Killed Crazy Yiuf
  1325 | D:2      | Reached XP level 4. HP: 28/40 MP: 4/4
  1772 | D:3      | Noticed Terence
  1791 | D:3      | Killed Terence
  1792 | D:3      | Reached XP level 5. HP: 34/46 MP: 5/5
  2006 | D:3      | Slain by a gnoll

Illustrated notes

Levels and vault maps discovered:
D:1:      dpeg_arrival_shelter, layout_basic
D:2:      layout_rooms, uniq_crazy_yiuf_cottage
D:3:      layout_loops_ring, grunt_ministairs_7, uniq_terence

Skill      XL: |  1  2  3  4 |
---------------+-------------+-----
Axes           | 3 4 |  4.6
Fighting       | 4 |  4.1
Armour         | 4 |  4.4
Shields        | 4 |  4.2
Throwing       | |  0.6
Dodging        | |  0.1

Action                     |  1- 3 |  4- 6 || total
---------------------------+-------+-------++-------
  Melee: War axe           |    78 |    85 ||   163
  Throw: Stone             |    21 |       ||    21
    Use: Potion            |       |     2 ||     2
 Armour: Scale mail        |     7 |       ||     7
         Chain mail        |     4 |       ||     4
         Plate armour      |    59 |    72 ||   131
  Dodge: Dodged            |    23 |    35 ||    58
  Block: Buckler           |    24 |    22 ||    46

Table legend: (Time is in decaauts)
 A = Elapsed time spent in this place.
 B = Non-inter-level travel time spent in this place.
 C = Inter-level travel time spent in this place.
 D = Time resting spent in this place.
 E = Time spent auto-exploring this place.
 F = Levels seen in this place.
 G = Mean time per level.
                   A        B        C        D        E       F      G
               +--------+--------+--------+--------+--------+-----+--------+
         Total |   2068 |   1773 |    295 |      0 |   1265 |   3 |  689.3 |
       Dungeon |   2068 |   1773 |    295 |      0 |   1265 |   3 |  689.3 |
               +--------+--------+--------+--------+--------+-----+--------+

Top non-repeatable levels by time:
     D:1: 807 daAuts
     D:2: 675 daAuts
     D:3: 586 daAuts
